 Dungeon Crawl Stone Soup version 0.30-a0-52-g86a8295270 (webtiles) character file.

Game seed: 10333119974504180472

4048 kae the Arsonist (level 9, -1/52 (62) HPs)
             Began as a Demigod Fire Elementalist on Sept 6, 2022.
             Slain by a wight
             ... wielding a +2 scimitar
              (3 damage)
             ... on level 7 of the Dungeon.
             The game lasted 00:07:48 (9518 turns).

kae the Arsonist (Demigod Fire Elementalist)        Turns: 9518, Time: 00:07:49

HP:   -1/52 (62)    AC: 12    Str:  9    XL:     9   Next: 75%
MP:   5/20          EV: 11    Int: 29    God:
Gold: 482           SH:  0    Dex: 14    Spells: 9/18 levels left

rFire   . . .      SeeInvis .    x - +3 dagger (flame)
rCold   . . .      Faith    .    (no shield)
rNeg    . . .      Spirit   .    y - +3 leather armour
rPois   .          Reflect  .    t - +2 helmet
rElec   .          Harm     .    (no cloak)
rCorr   .          Rampage  .    l - +2 pair of gloves
Will    .....                    (no boots)
Stlth   ++........               g - amulet of regeneration
HPRegen 0.97/turn                (no ring)
MPRegen 0.17/turn                (no ring)

@: heavily drained
A: high MP 1, forlorn, divine attributes
a: no special abilities


You were on level 7 of the Dungeon.
You visited 1 branch of the dungeon, and saw 7 of its levels.

You collected 482 gold pieces.


Innate Abilities, Weirdness & Mutations

You have an increased reservoir of magic. (+10% MP)
You shall have no god before yourself.
Your divine heritage dramatically boosts your attributes as you level up.


   Skills:
 + Level 4.3 Armour
 - Level 1.7 Dodging
 - Level 1.7 Stealth
 + Level 5.3 Spellcasting
 * Level 7.9 Conjurations
 * Level 8.4 Fire Magic


You had 9 spell levels left.
You knew the following spells:

 Your Spells              Type           Power      Damage    Failure   Level
a - Foxfire               Conj/Fire      100%       2x1d9     1%          1
b - Scorch                Fire           100%       2d10      1%          2
c - Conjure Flame         Conj/Fire      53%        6-21      1%          3
d - Inner Flame           Hex/Fire       32%        N/A       4%          3

Your spell library contained the following spells:

 Spells                   Type           Power      Damage    Failure   Level
 Flame Wave               Conj/Fire      53%        2d13      2%          4
 Blink                    Tloc           14%        N/A       12%         2
 Call Canine Familiar     Summ           7%         N/A       24%         3
 Lesser Beckoning         Tloc           7%         N/A       24%         3
 Portal Projectile        Hex/Tloc       14%        N/A       24%         3
 Irradiate                Conj/Tmut      15%        3d16      41%         5
 Leda's Liquefaction      Hex/Erth       3%         N/A       63%         4
 Passage of Golubria      Tloc           7%         N/A       63%         4
 Blade Hands              Tmut           3%         N/A       92%         5
 Manifold Assault         Tloc           7%         N/A       92%         5
 Silence                  Hex/Air        3%         N/A       92%         5
 Dragon Form              Tmut           3%         N/A       100%        7
 Lehudib's Crystal Spear  Conj/Erth      15%        10d5      100%        8

Inventory:

Hand Weapons
 x - a +3 dagger of flaming (weapon)
   (You took it off a goblin on level 3 of the Dungeon)
Missiles
 j - 54 stones
 q - 11 boomerangs
 s - 11 poisoned darts
Armour
 a - a +1 robe
 l - a +2 pair of gloves (worn)
   (You found it on level 1 of the Dungeon)
 t - a +2 helmet (worn)
   (You found it on level 3 of the Dungeon)
 u - a scarf of shadows
   (You found it on level 3 of the Dungeon)
 y - a +3 leather armour (worn)
   (You took it off an orc on level 4 of the Dungeon)
Jewellery
 g - an amulet of regeneration (around neck)
   (You found it on level 3 of the Dungeon)
 A - an amulet of reflection
   (You found it on level 5 of the Dungeon)
Wands
 D - a wand of iceblast (3)
   (You found it on level 6 of the Dungeon)
Scrolls
 n - a scroll of immolation {!r!r}
 p - 3 scrolls of fear
 r - a scroll of identify {@r1}
 v - 4 scrolls of magic mapping {!r}
 B - a scroll of vulnerability {!r!r}
 C - 3 scrolls of blinking {!r}
 E - a scroll of enchant armour
 F - a scroll of butterflies {unknown}
 G - a scroll of amnesia {unknown}
Potions
 b - 3 potions of magic
 c - 4 potions of curing {unknown}
 d - 2 potions of lignification {!q}
 e - a potion of invisibility {unknown}
 f - 4 potions of heal wounds {@q2}
 h - 2 potions of resistance
 i - a potion of might {unknown}
 k - a potion of flight {unknown}
 m - 3 potions of haste {@q3}
 o - 2 potions of degeneration {unknown}
 w - 3 potions of attraction {!q}
 z - a potion of mutation {unknown}

Dungeon Overview and Level Annotations

Branches:
Dungeon (7/15) Zot: 26129  Temple (0/1) D:6

Annotations:
D:6 2 runed translucent doors, QuickerDeath's ghost, novice HuWn

...##...#####...................
..####..## ##..................
#..# #....##............ #..
#...#####...#...... ... ##.<#
######..... #..# ##.... #..#
###.. #..# ##... #@.# ##....
#)zz# ##...#. #...# ###...##.
...## ##.....##. ....#
#.....###. ....## #....## #.
....# #....# #. ..... ##...# #.
#...# #.


You could see 2 wights.


Message History

You now have 482 gold pieces (gained 13).
There is an escape hatch in the ceiling here. 2 wights come into view.
Unknown command.
There are monsters nearby!
There are monsters nearby!
There are monsters nearby!
Casting: Foxfire (safe; 1% risk of failure)
Confirm with . or Enter, or press ? or * to list all spells.
You conjure some foxfire!
The foxfire hits the wight but does no damage. x2 😎 MP[-1]
You lost 1 mp, and now have 19/20 mp.
Casting: Foxfire (safe; 1% risk of failure)
Confirm with . or Enter, or press ? or * to list all spells.
You conjure some foxfire!
The foxfire hits the wight.
The foxfire hits the wight. 😎 MP[-1]
You lost 1 mp, and now have 18/20 mp.
Casting: Foxfire (safe; 1% risk of failure)
Confirm with . or Enter, or press ? or * to list all spells.
Flames lash the wight.
The wight's fire resistance burns away.
A wight comes into view. It is wielding a +0 battleaxe.
A wight comes into view. It is wielding a +2 scimitar. 😎 MP[-1]
You lost 1 mp, and now have 17/20 mp.
Casting: Scorch (safe; 1% risk of failure)
Confirm with . or Enter, or press ? or * to list all spells.
Flames lash the wight.
The wight is burned terribly!
You destroy the wight!
The wight misses you.
The wight hits you with a +0 flail. 😕 HP[-2] MP[-2]
You take 2 damage, and now have 60/62 hp.
You lost 2 mp, and now have 15/20 mp.
Unknown command.
Casting: Scorch (safe; 1% risk of failure)
Confirm with . or Enter, or press ? or * to list all spells.
Flames lash the wight but do no damage.
The wight barely misses you.
The wight hits you with a +0 flail. 😕 HP[+1] MP[-2]
You lost 2 mp, and now have 13/20 mp.
Casting: Scorch (safe; 1% risk of failure)
Confirm with . or Enter, or press ? or * to list all spells.
Flames lash the wight.
The wight's fire resistance burns away.
The wight hits you with a +0 flail.
You feel drained. The wight hits you with a +2 scimitar.
You feel drained. The wight barely misses you. The wight misses you.
The wight hits you with a +2 scimitar.
You feel drained. 😕 HP[-7] MP[-1]
You now have 59 max hp (-3).
You take 7 damage, and now have 54/59 hp.
You lost 1 mp, and now have 12/20 mp.
Casting: Scorch (safe; 1% risk of failure)
Confirm with . or Enter, or press ? or * to list all spells.
Flames lash the wight.
The wight's fire resistance burns away.
The wight barely misses you. The wight hits you but does no damage.
The wight hits you with a +0 battleaxe! The wight closely misses you.
The wight misses you. The wight hits you with a +2 scimitar.
You feel drained. 😮 HP[-14] MP[-2]
You now have 58 max hp (-1).
You take 14 damage, and now have 40/58 hp.
MASSIVE DAMAGE!! (PAUSE)
You lost 2 mp, and now have 10/20 mp.
Casting: Scorch (safe; 1% risk of failure)
Confirm with . or Enter, or press ? or * to list all spells.
Flames lash the wight.
The wight's fire resistance burns away.
The wight barely misses you. The wight closely misses you. x2
The wight is no longer more vulnerable to fire.
The wight hits you but does no damage. x2; The wight barely misses you. 😮 HP[+2] MP[-2]
You regained 2 hp, and now have 42/58 hp.
You lost 2 mp, and now have 8/20 mp.
Unknown command.
Casting: Scorch (safe; 1% risk of failure)
Confirm with . or Enter, or press ? or * to list all spells.
Flames lash the wight but do no damage.
The wight hits you with a +0 flail.
You feel drained. The wight hits you with a +2 scimitar!
* * * LOW HITPOINT WARNING * * *
You feel drained.
* * * LOW HITPOINT WARNING * * *
The wight hits you but does no damage.
The wight is no longer more vulnerable to fire.
The wight closely misses you. The wight barely misses you.
The wight hits you with a +2 scimitar!
* * * LOW HITPOINT WARNING * * *
Casting: Scorch (safe; 1% risk of failure)
Confirm with . or Enter, or press ? or * to list all spells.
Flames lash the wight.
The wight is burned terribly!
You destroy the wight!
The wight barely misses you. The wight hits you with a +2 scimitar!
* * * LOW HITPOINT WARNING * * *
You feel drained.
You die...

Skill      XL: |  1  2  3  4  5  6  7  8  9 |
---------------+----------------------------+-----
Conjurations   | 1 2 3 4 6 7 |  7.9
Fire Magic     | 3 4 5 6 7 8 |  8.4
Spellcasting   | 2 3 4 5 |  5.3
Armour         | 2 3 4 |  4.3
Dodging        | |  1.7
Stealth        | |  1.7

Action                   |  1- 3 |  4- 6 |  7- 9 || total
-------------------------+-------+-------+-------++-------
Melee: Unarmed           |     1 |     2 |       ||     3
       Dagger            |       |       |     1 ||     1
 Cast: Foxfire           |    70 |    40 |   120 ||   230
       Scorch            |    14 |    49 |    88 ||   151
       Conjure Flame     |       |       |     5 ||     5
Evoke: Wand              |       |       |     1 ||     1
  Use: Scroll            |       |     6 |    10 ||    16
 Stab: Distracted        |       |     1 |       ||     1
Armor: Robe              |    10 |    21 |       ||    31
       Leather armour    |       |       |    58 ||    58
Dodge: Dodged            |    24 |    37 |    82 ||   143

Levels and vault maps discovered:
D:1:      grunt_arrival_crossed_arrows, layout_basic
D:2:      layout_rooms, basic_altar, kennysheep_decorative_pillar
D:3:      layout_loops_ring, lemuel_coloured_pillars_altar,
          minmay_misc_feat_secret_circle
D:4:      layout_basic, grunt_ministairs_13, corexii_shack, uniq_grinder
D:5:      layout_cave_pods, mainiacjoe_overflow_catch_the_wave,
          overflow_temple_1_default, minmay_chambers_of_fives
D:6:      layout_basic, mainiacjoe_overflow_surrounded_room,
          nicolae_gozag_cash_rules_everything_around_me, temple_statues,
          ebering_ghost_sewer_f, chequers_big_river, uniq_pikel, uniq_duvessa,
          uniq_crazy_yiuf_cottage
D:7:      layout_layer_cave, mainiacjoe_overflow_boulevard, abandoned_shop,
          serial_park_tiny_1, minmay_fractal_squares_5

Notes
Turn   | Place    | Note
-------+----------+-------------------------------------------
     0 | D:1      | kae the Demigod Fire Elementalist began the quest for the
                  | Orb.
     0 | D:1      | Reached XP level 1. HP: 14/14 MP: 5/5
     0 | D:1      | magus.rc [v1.11.3]
    12 | D:1      | Reached skill level 1 in Conjurations
   626 | D:1      | Reached XP level 2. HP: 20/20 MP: 5/7
   632 | D:1      | Reached skill level 3 in Fire Magic
   716 | D:1      | Reached skill level 2 in Spellcasting
   952 | D:1      | Learned a level 2 spell: Scorch
  1577 | D:2      | Reached XP level 3. HP: 26/26 MP: 3/8
  1686 | D:2      | Reached skill level 2 in Conjurations
  1810 | D:2      | You pick up a book of Spatial Translocations and begin
                  | reading...
  1810 | D:2      | You add the spells Blink, Lesser Beckoning and Manifold
                  | Assault to your library.
  2247 | D:2      | Reached XP level 4. HP: 30/33 MP: 5/10
  2625 | D:3      | You pick up a book of Transfigurations and begin reading...
  2625 | D:3      | You add the spells Irradiate, Blade Hands and Dragon Form
                  | to your library.
  2882 | D:3      | Learned a level 3 spell: Conjure Flame
  3089 | D:3      | Reached skill level 3 in Conjurations
  3259 | D:3      | Reached skill level 4 in Fire Magic
  3259 | D:3      | Reached XP level 5. HP: 13/38 MP: 7/11
  3762 | D:4      | Noticed Grinder
  3937 | D:3      | Paralysed by Grinder for 2 turns
  4048 | D:4      | Learned a level 3 spell: Inner Flame
  4088 | D:4      | You pick up a book of the Hunter and begin reading...
  4088 | D:4      | You add the spells Call Canine Familiar, Portal Projectile
                  | and Leda's Liquefaction to your library.
  4105 | D:4      | You pick up a book of the Moon and begin reading...
  4105 | D:4      | You add the spells Passage of Golubria, Silence and
                  | Lehudib's Crystal Spear to your library.
  4771 | D:4      | Reached skill level 3 in Spellcasting
  4771 | D:4      | Reached XP level 6. HP: 40/45 MP: 6/13
  5008 | D:3      | Killed Grinder
  5009 | D:3      | Reached skill level 4 in Conjurations
  5009 | D:3      | Reached skill level 5 in Fire Magic
  5102 | D:5      | Entered Level 5 of the Dungeon
  5145 | D:5      | Reached XP level 7. HP: 50/50 MP: 12/15
  5298 | D:5      | Noticed a troll
  5299 | D:5      | Noticed a two-headed ogre
  5803 | D:5      | Killed a troll
  5804 | D:5      | Reached skill level 1 in Armour
  5804 | D:5      | Reached skill level 5 in Conjurations
  5996 | D:5      | Killed a two-headed ogre
  5997 | D:5      | Reached skill level 2 in Armour
  5997 | D:5      | Reached skill level 4 in Spellcasting
  5997 | D:5      | Reached skill level 6 in Conjurations
  5997 | D:5      | Reached skill level 6 in Fire Magic
  5997 | D:5      | Reached XP level 8. HP: 57/57 MP: 1/17
  7272 | D:6      | Reached skill level 7 in Fire Magic
  7276 | D:6      | Reached skill level 3 in Armour
  7468 | D:6      | Found a runed translucent door.
  7504 | D:6      | Noticed QuickerDeath's ghost (novice HuWn)
  7569 | D:6      | Noticed Pikel
  7601 | D:6      | Killed Pikel
  7602 | D:6      | Reached skill level 7 in Conjurations
  7602 | D:6      | Reached XP level 9. HP: 62/62 MP: 1/19
  7721 | D:6      | Found a runed translucent door.
  7788 | D:6      | Noticed Duvessa
  7800 | D:6      | Killed Duvessa
  7804 | D:6      | Noticed Dowan
  7876 | D:6      | Killed Dowan
  7999 | D:6      | Reached skill level 5 in Spellcasting
  8485 | D:6      | Found a staircase to the Ecumenical Temple.
  8697 | D:7      | Reached skill level 4 in Armour
  8697 | D:7      | Reached skill level 8 in Fire Magic
  9517 | D:7      | HP: 8/54 [wight/+2 scimitar (8)]
  9518 | D:7      | HP: 2/54 [wight/+2 scimitar (7)]
  9518 | D:7      | Slain by a wight

Vanquished Creatures
  A two-headed ogre (D:5)
  Pikel (D:6)
  A troll (D:5)
  Grinder (D:3)
  A steam dragon (D:7)
  Duvessa (D:6)
  A water moccasin (D:6)
  An ice beast (D:7)
  2 sky beasts (D:7)
  A black bear (D:7)
  An ogre (D:7)
  An orc warrior (D:6)
  2 centaurs
  A lemure (D:6)
  2 phantoms
  3 bullfrogs (D:7)
  3 scorpions
  2 wights (D:7)
  Dowan (D:6)
  3 electric eels (D:6)
  A howler monkey (D:4)
  2 hounds
  3 jellies (D:5)
  A gnoll bouda (D:7)
  4 orc priests
  5 iguanas
  4 orc wizards
  4 gnolls (D:2)
  12 adders
  A white imp (D:7)
  An ufetubus (D:7)
  A worm (D:3)
  2 dart slugs
  29 orcs
  5 endoplasms
  3 giant cockroaches
  10 goblins
  8 hobgoblins
  5 quokkas
  6 ball pythons
  5 bats
  3 frilled lizards
  9 kobolds
  9 rats
163 creatures vanquished.

Vanquished Creatures (others)
  408 foxfires
  10 plants
418 creatures vanquished.

Grand Total: 581 creatures vanquished

Table legend:
 A = Non-vault XP
 B = Vault XP
 C = Vault XP percentage of total XP
 D = Non-vault monster count
 E = Vault monster count
 F = Vault count percentage of total count
                 A         B        C        D         E       F
            +---------+---------+-------+---------+---------+-------
      Total |    3166 |    2696 |  46.0 |     143 |      19 |  11.7
            +---------+---------+-------+---------+---------+-------
        D:1 |      40 |       0 |   0.0 |      24 |       0 |   0.0
        D:2 |     129 |       0 |   0.0 |      27 |       0 |   0.0
        D:3 |     160 |     292 |  64.6 |      21 |       5 |  19.2
        D:4 |     250 |       3 |   1.2 |      18 |       1 |   5.3
        D:5 |     405 |    1179 |  74.4 |      14 |       5 |  26.3
        D:6 |    1088 |     862 |  44.2 |      27 |       3 |  10.0
        D:7 |    1094 |     360 |  24.8 |      12 |       5 |  29.4
            +---------+---------+-------+---------+---------+-------

Illustrated notes

Table legend:
 A = Kills in this place as a percentage of kills in entire the game.
 B = Kills by you in this place as a percentage of kills by you in the entire game.
 C = Kills by friends in this place as a percentage of kills by friends in the entire game.
 D = Other kills in this place as a percentage of other kills in the entire game.
 E = Experience gained in this place as a percentage of experience gained in the entire game.
 F = Experience gained in this place divided by the number of levels of this place that you have seen.
                   A       B       C       D       E      F
               +-------+-------+-------+-------+-------+----------------------
         Total | 100.0 | 100.0 |   N/A |   N/A | 100.0 | 837.4
       Dungeon | 100.0 | 100.0 |   N/A |   N/A | 100.0 | 837.4
               +-------+-------+-------+-------+-------+----------------------

Table legend: (Time is in decaauts)
 A = Elapsed time spent in this place.
 B = Non-inter-level travel time spent in this place.
 C = Inter-level travel time spent in this place.
 D = Time resting spent in this place.
 E = Time spent auto-exploring this place.
 F = Levels seen in this place.
 G = Mean time per level.
                   A        B        C        D        E       F      G
               +--------+--------+--------+--------+--------+-----+--------+
         Total |   9531 |   9408 |    123 |    826 |   7313 |   7 | 1361.6 |
       Dungeon |   9531 |   9408 |    123 |    826 |   7313 |   7 | 1361.6 |
               +--------+--------+--------+--------+--------+-----+--------+

Top non-repeatable levels by time:
     D:6: 1695 daAuts
     D:5: 1557 daAuts
     D:1: 1467 daAuts
     D:4: 1403 daAuts
     D:3: 1402 daAuts
     D:2: 1136 daAuts
     D:7: 869 daAuts
